 Dungeon Crawl Stone Soup version 0.29.1-15-g9cfb28693d (webtiles) character file.

Game seed: 10374807603214064588

4 Ayazi56 the Ducker (level 1, 0/10 HPs)
             Began as a Felid Monk on Apr 14, 2023.
             Slain by a hobgoblin (4 damage)
             ... on level 1 of the Dungeon.
             The game lasted 00:00:51 (82 turns).

Ayazi56 the Ducker (Felid Monk)                       Turns: 82, Time: 00:00:52

Health: 0/10       AC:  1    Str:  7    XL:     1   Next: 50%
Magic:  2/2        EV: 19    Int: 11    God:
Gold:   3          SH:  0    Dex: 18    Spells: 0/0 levels left
                                        Lives:  0   Deaths: 0

rFire   . . .      SeeInvis +     - Unarmed
rCold   . . .      Faith    .   (shield unavailable)
rNeg    . . .      Spirit   .   (body armour unavailable)
rPois   .          Reflect  .   (helmet unavailable)
rElec   .          Harm     .   (cloak unavailable)
rCorr   .          Rampage  .   (gloves unavailable)
Will    .....                   (boots unavailable)
Stlth   ++........              (no amulet)
HPRegen 0.03/turn               (no ring)
MPRegen 0.08/turn               (no ring)

@: quick
A: very small, claws 1, fangs 3, see invisible, speed 1, shaggy fur 1, stealthy
paws, no weapons or thrown items, no armour, multi-lived
a: no special abilities


You were on level 1 of the Dungeon.
You visited 1 branch of the dungeon, and saw 1 of its levels.

You collected 3 gold pieces.

Inventory:

Potions
 a - a potion of ambrosia


   Skills:
 + Level 3.0 Fighting
 + Level 4.1 Dodging
 + Level 2.7 Stealth
 + Level 3.1 Unarmed Combat


You couldn't memorise any spells.
You didn't know any spells.
Your spell library was empty.

Dungeon Overview and Level Annotations

Branches:
Dungeon (1/15)

Altars:


Innate Abilities, Weirdness & Mutations

You have sharp claws.
You have razor-sharp teeth.
You have supernaturally acute eyesight. (SInv)
You cover ground quickly. (Speed+)
You are covered in fur. (AC +1)
Your paws help you pounce on unaware monsters.
You are incapable of wielding weapons or throwing items.
You cannot wear armour.
You gain extra lives every three experience levels.


Message History

Found a hand axe.
The bat closely misses you.
You miss the bat. The bat completely misses you. The bat closely misses you.
The bat hits you but does no damage.
You completely miss the bat. The bat completely misses you.
The bat hits you but does no damage.
You miss the bat. The bat barely misses you. The bat misses you.
Found a leather armour.
The bat closely misses you.
You closely miss the bat. The bat hits you.
You closely miss the bat. The bat closely misses you.
You scratch the bat.
The bat is severely wounded.
The bat closely misses you. The bat closely misses you.
The bat hits you but does no damage. The bat misses you.
You barely miss the bat.
The bat is severely wounded.
The bat barely misses you. The bat misses you.
You barely miss the bat.
The bat is severely wounded.
The bat hits you.
* * * LOW HITPOINT WARNING * * *
You scratch the bat.
You kill the bat!
Found a pair of boots.
Found a stone staircase leading down.
You see here a +0 pair of boots.
A ball python comes into view.
A hobgoblin and a ball python come into view.
Found a stone.
The hobgoblin shouts!
The ball python hisses angrily.
You scratch the ball python.
You kill the ball python!
The hobgoblin completely misses you.
You see here a ball python corpse.
You barely miss the hobgoblin. The hobgoblin hits you.
You die...

##########......
........[....... # ###.
#......... ##( #..
####.##...... #..####.#
#....##......
#.>..#..#####.########.##
##........[....#≈§§≈§≈≈.≈≈
#......#########§≈§§≈..†..
..........@g....#≈§..[.~~~.
.S..............#§§§.~~~.~~
................#§§§~~..<.~
####...###......#≈§§.~~~.~~
#### ########≈≈.§.§~~~.
≈≈≈≈§..... §≈§≈≈≈≈≈≈≈
##########


You could see a hobgoblin.

Vanquished Creatures
  A ball python (D:1)
  A bat (D:1)
  A quokka (D:1)
3 creatures vanquished.

Notes
Turn   | Place    | Note
-------+----------+-------------------------------------------
     0 | D:1      | Ayazi56 the Felid Monk began the quest for the Orb.
     0 | D:1      | Reached XP level 1. HP: 10/10 MP: 2/2
    82 | D:1      | Slain by a hobgoblin

Illustrated notes

Levels and vault maps discovered:
D:1:      dpeg_arrival_shrine, layout_rooms, minmay_misc_feat_rugged

Action                   || total
-------------------------++-------
Melee: Unarmed           ||    22
       Bite              ||     1
Armor: Skin              ||     4
Dodge: Dodged            ||    35
